Unix NetHack Version 5.0.0-0 post-release - last build May 23 2026 06:08:33 (1c0ff79ee797540d5714e4e18072db0edd9e58ae,branch:main).

Game began 2026-05-28 06:59:05, ended 2026-05-28 07:11:07.

Atomicjoy, chaotic male elven Wizard

      .--
     .....
     .`@...
     --.....
    --|......
  ---.|......
  |..........
  |........--
   -.......|                ------
   -......---`             --..|.--
   ....`....#------ -    ---......|
   -..............--...--.........|
    --.........--................--
     --........---.......`.......|
      |........ .....(......-..^.--
       ..<...-   ---......^.......|
        .....|    |.....--..--....|
         ..-       -....| -- |....|
                             ---.-
                                -
Atomicjoy the Conjurer    St:13 Dx:12 Co:15 In:18 Wi:11 Ch:8  Chaotic
Dlvl:4  $:140 HP:0(33) Pw:22(37) AC:9  Xp:3/71 T:1034 

Latest messages:
 You hear rumbling in the distance.
 The gnome wields a thonged club!
 The gnome secures the tether on the thonged club.
 The gnome throws a dart!
 The dart misses the gnome.
 You are hit by a dart.
 You stop.  Your kitten is in the way!
 You see here a dart.
 The gnome throws a dart!
 The dart hits the kitten.
 The gnome throws a dart!
 The dart misses the kitten.
 You are hit by a dart.
 You are almost hit by a dart.
 The gnome lord throws a dart!
 You are hit by a dart.
 The kitten drops a dart.
 The gnome lord throws a dart!
 The dart misses the kitten.
 You are hit by a dart.
 You swap places with your kitten.
 The gnome lord throws a dart!
 You are hit by a dart.
 The gnome throws a dart!
 The dart hits the gnome lord.
 The gnome lord drinks a cyan potion!
 The gnome lord looks better.
 The gnome lord suddenly falls asleep!
 A gush of water hits the gnome lord!
 The gnome swings her thonged club.
 The gnome hits!
 The gnome swings her thonged club.
 The gnome just misses!
 The kitten bites the gnome.
 The gnome swings her thonged club at the kitten.
 The gnome misses the kitten.
 You hear some noises in the distance.
 You hear some noises.
 You hear some noises in the distance.
 You see here a figurine of an ogre.
 The kitten bites the gnome.
 You hear some noises.
 You hear crashing rock.
 You hear crashing rock.
 You hear some noises in the distance.
 You see here an orc corpse.
 Click!  You trigger a rolling boulder trap!
 You are hit by a boulder!
 You die...
 Do you want your possessions identified? [ynq] (y) q

Inventory:
 Coins    ('$')
  $ - 140 gold pieces
 Weapons  (')')
  A - a +0 arrow
  a - a blessed +1 quarterstaff (weapon in hands)
 Armor    ('[')
  w - a cursed -1 pair of gauntlets of power named C
  H - an uncursed +0 pair of iron shoes
  b - an uncursed +0 cloak of magic resistance (being worn)
  I - an uncursed +0 dwarvish cloak
 Comestibles  ('%')
  y - an uncursed slime mold
  t - an uncursed cream pie
  s - an uncursed food ration
  v - an uncursed lembas wafer
  x - an uncursed tripe ration
  r - 2 uncursed lichen corpses
  C - an uncursed newt corpse
 Scrolls  ('?')
  i - 2 uncursed scrolls of confuse monster
  k - a blessed scroll of gold detection
  j - an uncursed scroll of magic mapping
  G - a cursed scroll of teleportation
 Potions  ('!')
  g - an uncursed potion of confusion
  J - an uncursed potion of extra healing
  h - an uncursed potion of invisibility
  f - an uncursed potion of oil
 Rings    ('=')
  e - an uncursed +1 ring of adornment
  d - an uncursed ring of protection from shape changers
 Wands    ('/')
  c - a wand of cold (0:6)
  q - a wand of polymorph (0:8)
  D - a wand of sleep (0:5)
 Tools    ('(')
  o - an uncursed bell
  n - a magic marker (0:22)
  E - 2 uncursed partly used tallow candles (lit)
  K - an uncursed tin whistle
 Gems/Stones  ('*')
  F - an uncursed garnet stone
  z - an uncursed worthless piece of orange glass

Atomicjoy the Wizard's attributes:

Background:
 You were a Conjurer, a level 3 male elven Wizard.
 You were chaotic, on a mission for Anhur
 who was opposed by Ptah (lawful) and Thoth (neutral).
 You were right-handed.
 You were in the Gnomish Mines, on level 4.
 You entered the dungeon 1034 turns ago.
 You had 71 experience points, 9 more were needed to attain level 4.

Basics:
 You had 0 out of 33 hit points.
 You had 22 out of 37 energy points (spell power).
 Your armor class was 9.
 Your wallet contained 140 zorkmids.
 Autopickup was off.

Final Characteristics:
 Your strength was 13 (limit:18).
 Your dexterity was 12 (limit:18).
 Your constitution was 15 (limit:16).
 Your intelligence was 18 (limit:20).
 Your wisdom was 11 (limit:20).
 Your charisma was 8 (limit:18).

Final Status:
 You weren't hungry.
 You were unencumbered.
 You were wielding a quarterstaff.
 You had basic skill with quarterstaff.

Final Attributes:
 You were devoutly aligned.
 You were magic-protected.
 You had infravision.
 You were warded.
 You are dead.

Miscellaneous:
 You didn't encounter any bones levels.
 Total elapsed playing time was 12 minutes and 1 second.

Major events:
 Turn
    1: Atomicjoy the chaotic male elven Wizard entered the dungeon
  669: entered the Gnomish Mines
  799: attained the rank of Conjurer (level 3)
 1034: killed by a boulder

Spells:
 Name                 Level Category     Fail Retention
 force bolt             1   attack         0%  91%-100%
 detect monsters        1   divination     0%  76%-100%

Skills:
 Fighting Skills
   bare handed combat [Unskilled]
   riding             [Unskilled]
 Weapon Skills
   dagger             [Unskilled]
   knife              [Unskilled]
   axe                [Unskilled]
   short sword        [Unskilled]
   club               [Unskilled]
   mace               [Unskilled]
   quarterstaff       [Basic]
   polearms           [Unskilled]
   spear              [Unskilled]
   trident            [Unskilled]
   sling              [Unskilled]
   dart               [Unskilled]
   shuriken           [Unskilled]
 Spellcasting Skills
   attack spells      [Basic]
   healing spells     [Unskilled]
   divination spells  [Unskilled]
   enchantment spells [Basic]
   clerical spells    [Unskilled]
   escape spells      [Unskilled]
   matter spells      [Unskilled]

Voluntary challenges:
 Character rerolling was not enabled.
 You were illiterate.
 You never genocided any monsters.
 You never polymorphed an object.
 You never changed form.
 You used no wishes.
Achievements:
 You entered a shop.
 You entered the Gnomish Mines.
 You attained the rank of Conjurer.

 The Dungeons of Doom: levels 1 to 3
    Level 1:
    Level 2:
       A general store.
       Stairs down to The Gnomish Mines.
    Level 3:
 The Gnomish Mines: levels 3 to 4
    Level 3:
    Level 4: <- You were here.
       Final resting place for
          you, killed by a boulder.


Vanquished creatures:
  2 gnome leaders
  2 dwarves
 11 gnomes
  a goblin
  4 grid bugs
  4 lichens
  5 newts
29 creatures vanquished.

No species were genocided or became extinct.

Game over:
                       ----------
                      /          \
                     /    REST    \
                    /      IN      \
                   /     PEACE      \
                  /                  \
                  |    Atomicjoy     |
                  |      140 Au      |
                  |   killed by a    |
                  |     boulder      |
                  |                  |
                  |                  |
                  |       2026       |
                 *|     *  *  *      | *
        _________)/\\_//(\/(/\)/\//\/|_)_______

Goodbye Atomicjoy the Wizard...

You died in The Gnomish Mines on dungeon level 4 with 560 points,
and 140 pieces of gold, after 1034 moves.
You were level 3 with a maximum of 33 hit points when you died.

